 Dungeon Crawl Stone Soup version 0.29.1-15-g9cfb28693d (webtiles) character file.

Game seed: 14061956807815376940

6 protoss039 the Trooper (level 1, -1/14 HPs)
             Began as a Gargoyle Abyssal Knight on Feb 28, 2023.
             Was a Believer of Lugonu.
             Slain by a hobgoblin (2 damage)
             ... on level 1 of the Dungeon.
             The game lasted 00:01:26 (165 turns).

protoss039 the Trooper (Gargoyle Abyssal Knight)     Turns: 165, Time: 00:01:26

Health: -1/14      AC:  5    Str: 16    XL:     1   Next: 90%
Magic:  2/2        EV: 11    Int: 10    God:    Lugonu [**....]
Gold:   0          SH:  0    Dex: 10    Spells: 0/0 levels left

rFire   . . .      SeeInvis .   a - +1 hand axe
rCold   . . .      Faith    .   (no shield)
rNeg    + . .      Spirit   .   b - +0 leather armour
rPois   ∞          Reflect  .   (no helmet)
rElec   +          Harm     .   (no cloak)
rCorr   .          Rampage  .   (no gloves)
Will    .....                   (no boots)
Stlth   +.........              (no amulet)
HPRegen 0.04/turn               (no ring)
MPRegen 0.08/turn               (no ring)

@: no status effects
A: sickness immunity, AC +2, negative energy resistance 1, electricity
resistance, torment resistance 1, petrification resistance
a: Renounce Religion, Depart the Abyss, Bend Space


You were on level 1 of the Dungeon.
You worshipped Lugonu.
Lugonu was pleased with you.
You visited 1 branch of the dungeon, and saw 1 of its levels.
You visited the Abyss 1 time.

Inventory:

Hand Weapons
 a - a +1 hand axe (weapon)
Armour
 b - a +0 leather armour (worn)
Scrolls
 c - a scroll of immolation {unknown}


   Skills:
 + Level 3.4 Fighting
 + Level 1.9 Axes
 + Level 2.3 Armour
 - Level 0.7 Dodging
 + Level 2.1 Invocations


You couldn't memorise any spells.
You didn't know any spells.
Your spell library contained the following spells:

 Spells                   Type           Power      Damage    Failure   Level
 Scorch                   Fire           0%         2d5       56%         2
 Flame Wave               Conj/Fire      0%         2d4       99%         4
 Summon Cactus Giant      Summ           0%         N/A       100%        6


Dungeon Overview and Level Annotations

Branches:
Dungeon (1/15) Zot: 5834

Altars:


Innate Abilities, Weirdness & Mutations

You are immune to sickness and miasma.
Your stone body is resilient. (AC +2)
You are immune to poison.
You resist negative energy. (rN+)
You are resistant to electric shocks. (rElec)
You are resistant to unholy torment.
You are immune to petrification.


Message History

You barely miss the hobgoblin. You hit the giant cockroach.
You kill the giant cockroach!
Lugonu accepts your kill.
You barely miss the hobgoblin.
The hobgoblin hits you but does no damage.
The hobgoblin hits you.
Unknown command.
Unknown command.
You hit the hobgoblin but do no damage. Your punch misses the hobgoblin.
You closely miss the hobgoblin.
The hobgoblin hits you but does no damage. x2
Unknown command.
You hit the hobgoblin but do no damage. You hit the hobgoblin.
The hobgoblin closely misses you.
The hobgoblin hits you but does no damage.
Unknown command.
You hit the hobgoblin but do no damage.
The hobgoblin is severely wounded.
You hit the hobgoblin but do no damage. The hobgoblin hits you.
The hobgoblin hits you but does no damage.
The rat bites you but does no damage. The hobgoblin hits you. x2
* * * LOW HITPOINT WARNING * * *
Unknown command.
Unknown command.
You are too injured to fight recklessly!
Unknown command.
You are too injured to fight recklessly!
Unknown command.
The hobgoblin attacks as you move away! The hobgoblin hits you.
* * * LOW HITPOINT WARNING * * *
The rat attacks as you move away! The rat bites you but does no damage.
You see here a book of Scorching.
You pick up a book of Scorching and begin reading...
You add the spells Scorch, Flame Wave and Summon Cactus Giant to your library.
The rat closely misses you.
You aren't carrying any potions.
The rat attacks as you move away! The rat bites you but does no damage.
The rat attacks as you move away! The rat closely misses you.
The hobgoblin hits you.
You die...

#.# #.# #.# #.#
#.# #####.#
...#.##
#####.#..#
.......#@##
#......gr.#####
#.###...g.....#
#.8.....8$#
#...........#
#.#........?#
#:#.....>...#
............#
............#


You could see 2 hobgoblins and a rat.

Vanquished Creatures
  2 giant cockroaches (D:1)
  A hobgoblin (D:1)
  A quokka (D:1)
  A rat (D:1)
5 creatures vanquished.

Notes
Turn   | Place    | Note
-------+----------+-------------------------------------------
     0 | Abyss:1  | protoss039 the Gargoyle Abyssal Knight began the quest for
                  | the Orb.
     0 | Abyss:1  | Reached XP level 1. HP: 14/14 MP: 2/2
     3 | D:1      | Escaped the Abyss
   165 | D:1      | Slain by a hobgoblin

Illustrated notes

Levels and vault maps discovered:
D:1:      matt_arrival_grand_opening, layout_loops_ring,
          ebering_ecumenical_altar_webs, st_stairs_1

Action                   || total
-------------------------++-------
Melee: Hand axe          ||    15
Armor: Leather armour    ||    12
Dodge: Dodged            ||    13
